General information
- name: BNet
- type: Ladder team game (AT/RT)
- host: Battle.net
- saver: DanielCormier
map: Mur'gulOasis_LV
- players: 8
- length: 30:39
- speed: Fast
- version: 1.30 W3XP
- replay type: Public
» download(381 KB)
Players
team 1 (winner)
DanielCormier (
pink | 152 APM | 4665 actions | 30:39)
7 Tauren Chieftain
3 War Stomp
3 Endurance Aura
1 Reincarnation
6 Shadow Hunter
3 Hex
2 Healing Wave
1 Big Bad Voodoo
3 Pandaren Brewmaster
2 Drunken Haze
1 Breath of Fire
» actions
| Assign group hotkey | 29 | |
| Basic commands | 355 | |
| Build / train | 103 | |
| ESC pressed | 7 | |
| Enter build submenu | 30 | |
| Enter hero's abilities submenu | 18 | |
| Give item / drop item | 6 | |
| Right click | 2111 | |
| Select / deselect | 1095 | |
| Select group hotkey | 697 | |
| Use ability | 214 | |
4665 total
» units
| Peon | 20 | |
| Troll Headhunter/Berserker | 25 | |
| Raider | 3 | |
48 total
» upgrades
| Ranged Weapons | 3 | |
| Troll Regeneration | 1 | |
| Reinforced Defenses | 1 | |
| Armor | 3 | |
| Berserker Upgrade | 1 | |
9 total
» buildings
| Altar of Storms | 1 | |
| Orc Burrow | 12 | |
| War Mill | 1 | |
| Barracks | 1 | |
| Voodoo Lounge | 2 | |
| Stronghold | 2 | |
| Fortress | 1 | |
| Great Hall | 4 | |
| Watch Tower | 4 | |
| Beastiary | 2 | |
30 total
» build order
00:03 Altar of Storms
00:04 Orc Burrow
00:23 War Mill
01:04 Barracks
01:50 Voodoo Lounge
02:19 Orc Burrow
03:56 Stronghold
04:47 Orc Burrow
06:34 Fortress
06:49 Orc Burrow
12:27 Great Hall
14:14 Great Hall
14:31 Great Hall
17:43 Watch Tower
21:53 Beastiary
21:54 Beastiary
27:17 Great Hall
27:33 Orc Burrow
28:10 Orc Burrow
28:29 Orc Burrow
28:31 Stronghold
28:39 Orc Burrow
28:44 Orc Burrow
28:45 Orc Burrow
28:46 Orc Burrow
28:58 Orc Burrow
29:28 Voodoo Lounge
29:50 Watch Tower
29:50 Watch Tower
29:53 Watch Tower
» items
| Healing Salve | 7 | |
| Lesser Clarity Potion | 6 | |
| Boots of Speed | 1 | |
| Scroll of Town Portal | 3 | |
| Potion of Mana | 5 | |
| Orb of Lightning | 1 | |
| Potion of Healing | 1 | |
24 total
migz (
orange | 77 APM | 2349 actions | 30:38)
6 Tauren Chieftain
3 War Stomp
2 Endurance Aura
1 Reincarnation
5 Shadow Hunter
3 Healing Wave
2 Serpent Ward
2 Pit Lord
1 Rain of Fire
1 Cleaving Attack
» actions
| Assign group hotkey | 71 | |
| Basic commands | 248 | |
| Build / train | 87 | |
| ESC pressed | 11 | |
| Enter build submenu | 30 | |
| Enter hero's abilities submenu | 13 | |
| Remove unit from queue | 1 | |
| Right click | 801 | |
| Select / deselect | 686 | |
| Select group hotkey | 272 | |
| Use ability | 129 | |
2349 total
» units
| Peon | 12 | |
| Troll Headhunter/Berserker | 27 | |
| Tauren | 9 | |
| Demolisher | 3 | |
| Raider | 3 | |
54 total
» upgrades
| Troll Regeneration | 1 | |
| Ranged Weapons | 1 | |
| Pulverize | 1 | |
| Armor | 2 | |
| Berserker Upgrade | 1 | |
6 total
» buildings
| Altar of Storms | 1 | |
| Orc Burrow | 12 | |
| Barracks | 2 | |
| War Mill | 1 | |
| Voodoo Lounge | 3 | |
| Stronghold | 1 | |
| Spirit Lodge | 1 | |
| Watch Tower | 2 | |
| Fortress | 1 | |
| Tauren Totem | 2 | |
| Beastiary | 4 | |
30 total
» build order
00:04 Altar of Storms
00:15 Orc Burrow
00:50 Barracks
00:52 War Mill
01:12 Barracks
01:24 Voodoo Lounge
01:59 Orc Burrow
03:15 Stronghold
05:14 Orc Burrow
05:18 Orc Burrow
05:57 Spirit Lodge
06:41 Watch Tower
06:46 Watch Tower
07:20 Fortress
08:37 Tauren Totem
09:27 Tauren Totem
11:38 Orc Burrow
11:40 Orc Burrow
25:10 Beastiary
25:12 Beastiary
26:26 Beastiary
26:29 Beastiary
27:43 Orc Burrow
27:49 Voodoo Lounge
29:07 Orc Burrow
29:09 Orc Burrow
29:16 Orc Burrow
29:57 Orc Burrow
30:07 Orc Burrow
30:19 Voodoo Lounge
» items
| Healing Salve | 2 | |
| Lesser Clarity Potion | 2 | |
| Scroll of Town Portal | 1 | |
| Tiny Great Hall | 1 | |
6 total

»
HiViBeS (
blue | 64 APM | 1963 actions | 30:38)
4 Death Knight
2 Death Coil
2 Unholy Aura
3 Lich
2 Frost Nova
1 Frost Armor
3 Dark Ranger
2 Silence
1 Life Drain
» actions
| Assign group hotkey | 26 | |
| Basic commands | 60 | |
| Build / train | 72 | |
| ESC pressed | 5 | |
| Enter build submenu | 15 | |
| Enter hero's abilities submenu | 10 | |
| Give item / drop item | 5 | |
| Right click | 982 | |
| Select / deselect | 408 | |
| Select group hotkey | 326 | |
| Use ability | 54 | |
1963 total
» units
| Acolyte | 2 | |
| Ghoul | 2 | |
| Crypt Fiend | 18 | |
| Obsidian Statue | 4 | |
| Frost Wyrm | 1 | |
27 total
» upgrades
| Creature Attack | 3 | |
| Creature Carapace | 3 | |
| Burrow | 1 | |
| Web | 1 | |
| Backpack | 1 | |
| Ghoul Frenzy | 1 | |
| Freezing Breath | 1 | |
11 total
» buildings
| Altar of Darkness | 1 | |
| Crypt | 1 | |
| Ziggurat | 7 | |
| Graveyard | 1 | |
| Tomb of Relics | 1 | |
| Halls of the Dead | 1 | |
| Slaughterhouse | 1 | |
| Black Citadel | 1 | |
| Spirit Tower | 6 | |
| Sacrificial Pit | 1 | |
| Boneyard | 1 | |
22 total
» build order
00:28 Altar of Darkness
00:35 Crypt
00:43 Ziggurat
01:10 Graveyard
01:20 Tomb of Relics
02:01 Ziggurat
03:17 Ziggurat
04:20 Ziggurat
04:52 Halls of the Dead
07:24 Slaughterhouse
09:40 Black Citadel
19:04 Spirit Tower
19:05 Spirit Tower
19:06 Spirit Tower
19:20 Spirit Tower
22:04 Sacrificial Pit
22:09 Ziggurat
22:12 Ziggurat
22:13 Ziggurat
23:05 Boneyard
23:08 Spirit Tower
23:09 Spirit Tower
» items
| Boots of Speed | 3 | |
| Circlet of Nobility | 4 | |
| Orb of Corruption | 3 | |
| Periapt of Vitality | 1 | |
| Scroll of Healing | 1 | |
12 total

»
Iquitwhenrushed (
green | 64 APM | 1946 actions | 30:38)
3 Blademaster
2 Mirror Image
1 Wind Walk
» actions
| Assign group hotkey | 3 | |
| Basic commands | 1 | |
| Build / train | 81 | |
| Enter build submenu | 29 | |
| Enter hero's abilities submenu | 3 | |
| Give item / drop item | 1 | |
| Right click | 1337 | |
| Select / deselect | 426 | |
| Select group hotkey | 4 | |
| Use ability | 61 | |
1946 total
» units
» upgrades
| Pillage | 1 | |
| Spiked Barricades | 2 | |
| Melee Weapons | 2 | |
| Armor | 2 | |
| Reinforced Defenses | 1 | |
| Ensnare | 1 | |
9 total
» buildings
| Orc Burrow | 6 | |
| Altar of Storms | 1 | |
| Barracks | 1 | |
| War Mill | 1 | |
| Voodoo Lounge | 1 | |
| Watch Tower | 9 | |
| Stronghold | 2 | |
| Beastiary | 7 | |
28 total
» build order
00:07 Orc Burrow
00:30 Altar of Storms
00:35 Barracks
01:45 Orc Burrow
02:06 War Mill
02:41 Voodoo Lounge
03:20 Watch Tower
03:28 Watch Tower
05:18 Stronghold
05:18 Stronghold
06:08 Orc Burrow
06:19 Orc Burrow
07:46 Beastiary
07:48 Beastiary
07:59 Beastiary
08:05 Orc Burrow
08:13 Orc Burrow
16:00 Beastiary
18:14 Watch Tower
18:17 Watch Tower
18:24 Watch Tower
19:12 Watch Tower
21:06 Beastiary
21:11 Beastiary
21:12 Beastiary
22:37 Watch Tower
22:40 Watch Tower
24:17 Watch Tower
» items
| Scroll of Speed | 2 | |
| Healing Salve | 2 | |
| Lesser Clarity Potion | 3 | |
| Scroll of Town Portal | 2 | |
9 total
team 2 (loser)
Valm[o]nt (
teal | 42 APM | 1288 actions | 30:29)
5 Blademaster
3 Wind Walk
2 Critical Strike
3 Shadow Hunter
1 Hex
2 Healing Wave
» actions
| Assign group hotkey | 3 | |
| Basic commands | 49 | |
| Build / train | 38 | |
| Enter build submenu | 19 | |
| Enter hero's abilities submenu | 8 | |
| Right click | 714 | |
| Select / deselect | 358 | |
| Select group hotkey | 2 | |
| Use ability | 97 | |
1288 total
» units
» upgrades
| Ranged Weapons | 1 | |
| Reinforced Defenses | 1 | |
| Envenomed Spears | 1 | |
3 total
» buildings
| Altar of Storms | 1 | |
| Orc Burrow | 7 | |
| Voodoo Lounge | 1 | |
| Stronghold | 2 | |
| Beastiary | 2 | |
| War Mill | 1 | |
| Fortress | 1 | |
| Tauren Totem | 5 | |
| Great Hall | 1 | |
21 total
» build order
00:13 Altar of Storms
00:21 Orc Burrow
00:54 Voodoo Lounge
02:17 Stronghold
02:25 Orc Burrow
04:39 Beastiary
04:41 Beastiary
04:42 Orc Burrow
05:56 Orc Burrow
07:55 Orc Burrow
08:16 War Mill
08:43 Fortress
16:51 Tauren Totem
16:54 Tauren Totem
18:01 Tauren Totem
18:03 Tauren Totem
18:10 Orc Burrow
18:12 Orc Burrow
18:23 Tauren Totem
21:05 Great Hall
26:03 Stronghold
» items
| Healing Salve | 1 | |
| Lesser Clarity Potion | 1 | |
| Circlet of Nobility | 1 | |
| Boots of Speed | 1 | |
| Staff of Teleportation | 1 | |
| Orb of Lightning | 2 | |
7 total
rlourenco (
red | 54 APM | 1649 actions | 30:37)
6 Paladin
1 Holy Light
3 Devotion Aura
1 Divine Shield
1 Resurrection
» actions
| Assign group hotkey | 42 | |
| Basic commands | 200 | |
| Build / train | 52 | |
| Enter build submenu | 26 | |
| Enter hero's abilities submenu | 8 | |
| Give item / drop item | 1 | |
| Right click | 464 | |
| Select / deselect | 240 | |
| Select group hotkey | 521 | |
| Use ability | 95 | |
1649 total
» units
| Peasant | 10 | |
| Footman | 6 | |
| Gryphon Rider | 12 | |
28 total
» upgrades
| Swords | 3 | |
| Armor | 1 | |
| Storm Hammers | 1 | |
| Animal War Training | 1 | |
6 total
» buildings
| Altar of Kings | 1 | |
| Farm | 13 | |
| Barracks | 1 | |
| Lumber Mill | 1 | |
| Scout Tower | 4 | |
| Guard Tower | 3 | |
| Arcane Vault | 1 | |
| Keep | 1 | |
| Blacksmith | 1 | |
| Castle | 1 | |
| Gryphon Aviary | 2 | |
29 total
» build order
00:37 Altar of Kings
00:40 Farm
00:49 Farm
00:52 Barracks
01:26 Lumber Mill
02:01 Farm
02:03 Scout Tower
02:11 Farm
02:16 Scout Tower
02:19 Scout Tower
02:46 Farm
02:56 Guard Tower
02:58 Guard Tower
03:04 Scout Tower
03:34 Guard Tower
03:45 Arcane Vault
03:56 Keep
04:05 Blacksmith
05:08 Farm
05:10 Farm
06:49 Castle
06:53 Gryphon Aviary
06:54 Gryphon Aviary
07:53 Farm
09:47 Farm
11:21 Farm
11:57 Farm
13:13 Farm
17:07 Farm
» items
| Lesser Clarity Potion | 2 | |
| Scroll of Regeneration | 1 | |
| Boots of Speed | 1 | |
| Scroll of Town Portal | 1 | |
5 total
impossibleodds (
yellow | 166 APM | 5065 actions | 30:25)
5 Death Knight
3 Death Coil
2 Unholy Aura
3 Lich
2 Frost Nova
1 Frost Armor
» actions
| Assign group hotkey | 175 | |
| Basic commands | 780 | |
| Build / train | 81 | |
| ESC pressed | 2 | |
| Enter build submenu | 47 | |
| Enter hero's abilities submenu | 8 | |
| Give item / drop item | 4 | |
| Right click | 1641 | |
| Select / deselect | 449 | |
| Select group hotkey | 1695 | |
| Use ability | 182 | |
5065 total
» units
| Acolyte | 4 | |
| Ghoul | 2 | |
| Crypt Fiend | 8 | |
| Frost Wyrm | 8 | |
| Obsidian Statue | 1 | |
| Siege Engine | 8 | |
31 total
» upgrades
| Creature Attack | 1 | |
| Creature Carapace | 1 | |
| Web | 1 | |
| Freezing Breath | 1 | |
| Gunpowder | 1 | |
5 total
» buildings
| Altar of Darkness | 2 | |
| Crypt | 1 | |
| Ziggurat | 8 | |
| Graveyard | 2 | |
| Tomb of Relics | 4 | |
| Nerubian Tower | 2 | |
| Halls of the Dead | 1 | |
| Spirit Tower | 8 | |
| Black Citadel | 2 | |
| Sacrificial Pit | 1 | |
| Slaughterhouse | 4 | |
| Boneyard | 4 | |
| Farm | 2 | |
41 total
» build order
00:12 Altar of Darkness
00:15 Crypt
00:27 Ziggurat
01:03 Graveyard
01:05 Graveyard
01:47 Tomb of Relics
01:53 Tomb of Relics
01:56 Ziggurat
02:21 Nerubian Tower
02:21 Nerubian Tower
02:24 Ziggurat
02:26 Ziggurat
05:35 Halls of the Dead
05:55 Spirit Tower
07:22 Ziggurat
08:17 Spirit Tower
09:42 Spirit Tower
09:42 Spirit Tower
09:44 Black Citadel
09:44 Black Citadel
10:12 Ziggurat
10:17 Sacrificial Pit
11:32 Slaughterhouse
11:38 Slaughterhouse
12:18 Boneyard
12:20 Boneyard
13:27 Boneyard
14:03 Spirit Tower
14:03 Spirit Tower
14:06 Slaughterhouse
14:11 Slaughterhouse
14:21 Tomb of Relics
14:25 Ziggurat
16:28 Boneyard
16:32 Altar of Darkness
16:48 Spirit Tower
16:48 Spirit Tower
20:35 Ziggurat
22:59 Tomb of Relics
24:01 Farm
24:01 Farm
» items
| Rod of Necromancy | 6 | |
| Potion of Healing | 5 | |
| Potion of Mana | 1 | |
| Scroll of Town Portal | 3 | |
| Orb of Corruption | 1 | |
| Scroll of Healing | 1 | |
17 total

»
thatdudeagain (
purple | 53 APM | 1131 actions | 21:30)
5 Mountain King
3 Storm Bolt
1 Thunder Clap
1 Bash
4 Paladin
2 Divine Shield
2 Holy Light
2 Blood Mage
1 Siphon Mana
1 Banish
» actions
| Assign group hotkey | 23 | |
| Basic commands | 11 | |
| Build / train | 75 | |
| Enter build submenu | 20 | |
| Enter hero's abilities submenu | 12 | |
| Give item / drop item | 7 | |
| Right click | 344 | |
| Select / deselect | 259 | |
| Select group hotkey | 263 | |
| Use ability | 117 | |
1131 total
» units
| Peasant | 14 | |
| Footman | 2 | |
| Rifleman | 10 | |
| Mortar Team | 7 | |
| Knight | 4 | |
37 total
» upgrades
| Gunpowder | 2 | |
| Armor | 2 | |
| Lumber Harvesting | 2 | |
| Long Rifles | 1 | |
| Flare | 1 | |
8 total
» buildings
| Altar of Kings | 1 | |
| Farm | 10 | |
| Barracks | 1 | |
| Blacksmith | 1 | |
| Arcane Vault | 1 | |
| Lumber Mill | 1 | |
| Keep | 1 | |
| Scout Tower | 9 | |
| Arcane Tower | 1 | |
| Castle | 1 | |
| Workshop | 2 | |
| Town Hall | 1 | |
| Guard Tower | 2 | |
32 total
» build order
00:12 Altar of Kings
00:17 Farm
00:38 Barracks
00:51 Farm
01:58 Blacksmith
02:07 Farm
02:21 Arcane Vault
02:43 Lumber Mill
03:37 Farm
04:28 Keep
05:35 Farm
06:01 Scout Tower
06:40 Arcane Tower
06:44 Farm
07:15 Farm
07:17 Farm
08:20 Farm
08:42 Farm
09:37 Castle
11:10 Workshop
11:20 Workshop
15:05 Town Hall
15:08 Scout Tower
15:09 Scout Tower
15:09 Scout Tower
15:10 Scout Tower
15:10 Scout Tower
15:11 Scout Tower
15:11 Scout Tower
15:12 Scout Tower
16:34 Guard Tower
18:10 Guard Tower
» items
| Scroll of Regeneration | 3 | |
| Lesser Clarity Potion | 3 | |
| Boots of Speed | 1 | |
| Scroll of Town Portal | 1 | |
| Staff of Sanctuary | 1 | |
9 total
Chat log
(00:15 / All) HiViBeS: glhf
(00:20 / All) Iquitwhenrushed: sup niggers
(07:54 / Allies) Iquitwhenrushed: wood please
(09:02 / Allies) DanielCormier: my tc shouldnt exisrt
(12:31 / Allies) Iquitwhenrushed: make them tp
(13:59 / Allies) DanielCormier: why the ud
(14:19 / Allies) HiViBeS: EXECUTE ORDER 66
(14:33 / Allies) DanielCormier: orc would of been a win
(14:38 / Allies) DanielCormier: or we could of bakced up
(14:41 / Allies) DanielCormier: and foguth
(14:43 / Allies) DanielCormier: with more room
(16:10 / All) Iquitwhenrushed: gg
(16:12 / All) Iquitwhenrushed: we suck
(18:28 / Allies) DanielCormier: do not
(18:29 / Allies) DanielCormier: let expos go up
(18:40 / Allies) DanielCormier: why r u baiting me
(18:45 / All) Iquitwhenrushed: unfcuking believalbe
(18:53 / All) Iquitwhenrushed: fuck u asshole
(22:52 / All) Iquitwhenrushed: fucku yellow
(23:18 / All) Iquitwhenrushed: anal rape yellow then tp
(23:21 / All) Iquitwhenrushed: tp oj
(23:29 / All) Iquitwhenrushed: nv
(24:28 / All) Iquitwhenrushed: leave
(24:34 / All) Iquitwhenrushed: uninstll niggers
(25:59 / All) Iquitwhenrushed: asshole
(28:00 / Allies) HiViBeS: god damn it